 Dungeon Crawl Stone Soup version 0.30-a0-743-gbfdf073431 (webtiles) character file.

Game seed: 16673211248795366484

66 jimonade the Twirler (level 3, 0/28 HPs)
             Began as a Mummy Gladiator on Feb 6, 2023.
             Slain by Crazy Yiuf
             ... wielding a +3 quarterstaff of chaos
              (5 damage)
             ... while paralysed by Crazy Yiuf
             ... on level 2 of the Dungeon.
             The game lasted 00:01:59 (1999 turns).

jimonade the Twirler (Mummy Gladiator)              Turns: 1999, Time: 00:02:00

Health: 0/28       AC:  5    Str: 17    XL:     3   Next: 96%
Magic:  2/3        EV:  2    Int:  9    God:
Gold:   109        SH:  0    Dex: 13    Spells: 2/2 levels left

rFire   x . .      SeeInvis .    a - +0 quarterstaff
rCold   + . .      Faith    +    (shield currently unavailable)
rNeg    + + +      Spirit   .    b - +0 leather armour
rPois   ∞          Reflect  .    l - +2 hat
rElec   .          Harm     .    (no cloak)
rCorr   .          Rampage  .    (no gloves)
Will    .....                    (no boots)
Stlth   +                        (no amulet)
HPRegen 0.24/turn                (no ring)
MPRegen 0.08/turn                (no ring)

@: paralysed
A: cold resistance 1, negative energy resistance 3, torment resistance 2, heat
vulnerability 1, in touch with death 1, no potions, faith
a: no special abilities


You were on level 2 of the Dungeon.
You visited 1 branch of the dungeon, and saw 2 of its levels.

You collected 109 gold pieces.

Inventory:

Hand Weapons
 a - a +0 quarterstaff (weapon)
Missiles
 d - 3 throwing nets (quivered)
 e - a javelin
 k - 8 poisoned darts
Armour
 b - a +0 leather armour (worn)
 c - a +0 helmet
 l - a +2 hat (worn)
Scrolls
 f - 2 scrolls of amnesia {unknown}
 g - a scroll of identify {unknown}
 h - a scroll of enchant weapon {unknown}
 i - a scroll of poison {unknown}
 j - 3 scrolls of magic mapping {unknown}
 m - a scroll of fog {unknown}
 n - a scroll of teleportation {unknown}


   Skills:
 + Level 2.4 Fighting
 * Level 3.2 Staves
 + Level 1.6 Throwing
 + Level 1.0 Armour
 + Level 2.7 Dodging


You had 2 spell levels left.
You didn't know any spells.
Your spell library was empty.

Dungeon Overview and Level Annotations

Branches:
Dungeon (2/15)

Altars:

Annotations:
D:2 Crazy Yiuf


Innate Abilities, Weirdness & Mutations

You are immune to poison.
Your flesh is cold resistant. (rC+)
You are immune to negative energy. (rN+++)
You are immune to unholy pain and torment.
You are vulnerable to heat. (rF-)
You are in touch with the powers of death.
You do not drink.
You have a special connection with the divine. (Faith)


Message History

You see here a +0 spear.
Found a stone staircase leading down.
No target in view!
You enter the shallow water.
Moving in this stuff is going to be slow.
You see here a +0 dagger.
You see here a +0 spear.
You see here a +0 kite shield.
You enter the shallow water.
Moving in this stuff is going to be slow.
You see here a +0 kite shield.
Crazy Yiuf screams, "Fluff head arga!"
You open the door. You hit Crazy Yiuf but do no damage.
Crazy Yiuf hits you with a +3 quarterstaff of chaos.
You sock Crazy Yiuf!
Crazy Yiuf is severely wounded.
Crazy Yiuf closely misses you.
You barely miss Crazy Yiuf.
Crazy Yiuf is heavily wounded.
Crazy Yiuf closely misses you.
Crazy Yiuf whimpers, "Defame!
Ten testudinal shoe."
Crazy Yiuf hits you with a +3 quarterstaff of chaos!
You resist with some effort.
You barely miss Crazy Yiuf.
Crazy Yiuf is heavily wounded.
Crazy Yiuf grits, "Pitchfork poople pizzabubble!"
Crazy Yiuf hits you with a +3 quarterstaff of chaos.
You feel your power leaking away.
You hit Crazy Yiuf.
Crazy Yiuf is severely wounded.
Crazy Yiuf drinks a potion.
Crazy Yiuf is healed!
You barely miss Crazy Yiuf.
Crazy Yiuf hits you with a +3 quarterstaff of chaos.
* * * LOW HITPOINT WARNING * * *
You suddenly lose the ability to move!
Crazy Yiuf barely misses you. x3
Crazy Yiuf laughs, "Goober tea koolooloo!"
Crazy Yiuf hits you with a +3 quarterstaff of chaos.
You die...

#######.# #.# #.#
#######.# ......#.#
.....>#.##♣♣♣♣♣
......#.....♣.♣♣♣ ###
.............♣..♣#...#
<..........♣♣♣♣♣@g...#
......#....♣ ♣♣#..)#
##.#....##♣♣ ###
#.#.#### ##.#....#
#...################
...........##.##.#.#
....######.........#
.#....# ####......#


You could see Crazy Yiuf.

Vanquished Creatures
  3 adders (D:2)
  2 dart slugs (D:2)
  3 ball pythons
  4 bats
  7 goblins
  3 hobgoblins
  A quokka (D:1)
  3 frilled lizards
  4 kobolds
  5 rats
35 creatures vanquished.

Notes
Turn   | Place    | Note
-------+----------+-------------------------------------------
     0 | D:1      | jimonade the Mummy Gladiator began the quest for the Orb.
     0 | D:1      | Reached XP level 1. HP: 16/16 MP: 1/1
   389 | D:1      | Reached XP level 2. HP: 21/22 MP: 2/2
  1167 | D:2      | Reached skill level 3 in Staves
  1264 | D:2      | Found a runed translucent door.
  1265 | D:2      | Noticed Crazy Yiuf
  1305 | D:2      | Gained mutation: You are in touch with the powers of death.
                  | [Mummy growth]
  1305 | D:2      | Reached XP level 3. HP: 27/27 MP: 3/3
  1528 | D:2      | Reached skill level 1 in Armour
  1995 | D:2      | Paralysed by Crazy Yiuf for 5 turns
  1999 | D:2      | Slain by Crazy Yiuf

Illustrated notes

Levels and vault maps discovered:
D:1:      dpeg_arrival_tiny_e, layout_basic
D:2:      layout_loops_ring, serial_bayou_lake_a, uniq_crazy_yiuf_cottage

Skill      XL: |  1  2  3 |
---------------+----------+-----
Staves         | 3 |  3.2
Armour         | 1 |  1.0
Fighting       | |  2.4
Throwing       | |  1.6
Dodging        | |  2.7

Action                     || total
---------------------------++-------
  Melee: Quarterstaff      ||   111
   Stab: Sleeping          ||     1
 Armour: Leather armour    ||    48
  Dodge: Dodged            ||    93

Table legend: (Time is in decaauts)
 A = Elapsed time spent in this place.
 B = Non-inter-level travel time spent in this place.
 C = Inter-level travel time spent in this place.
 D = Time resting spent in this place.
 E = Time spent auto-exploring this place.
 F = Levels seen in this place.
 G = Mean time per level.
                   A        B        C        D        E       F      G
               +--------+--------+--------+--------+--------+-----+--------+
         Total |   2069 |   2053 |     16 |      0 |   1775 |   2 | 1034.5 |
       Dungeon |   2069 |   2053 |     16 |      0 |   1775 |   2 | 1034.5 |
               +--------+--------+--------+--------+--------+-----+--------+

Top non-repeatable levels by time:
     D:1: 1132 daAuts
     D:2: 937 daAuts
